 Dungeon Crawl Stone Soup version 0.22-a0-877-g5c4e1af (webtiles) character file.

6 prawnwizard the Slasher (level 1, -1/16 HPs)
             Began as a Demonspawn Gladiator on July 29, 2018.
             Slain by a hobgoblin
             ... wielding a +0 club
              (2 damage)
             ... on level 1 of the Dungeon.
             The game lasted 00:00:29 (236 turns).

prawnwizard the Slasher (Demonspawn Gladiator)       Turns: 236, Time: 00:00:29

Health: -1/16      AC:  6    Str: 14    XL:     1   Next: 75%
Magic:  1/1        EV: 11    Int:  9    God:
Gold:   14         SH:  0    Dex: 14    Spells: 0/0 levels left

rFire    . . .     SeeInvis .   a - +0 long sword
rCold    . . .     Gourm    .   (no shield)
rNeg     . . .     Faith    .   k - +0 ring mail
rPois    .         Spirit   .   c - +0 helmet
rElec    .         Reflect  .   (no cloak)
rCorr    .         Harm     .   (no gloves)
MR       .....                  (no boots)
Stlth    +.........             (no amulet)
HPRegen  0.05/turn              (no ring)
MPRegen  0.07/turn              (no ring)

@: no status effects
A: no striking features
a: no special abilities


You were on level 1 of the Dungeon.
You were not hungry.

You visited 1 branch of the dungeon, and saw 1 of its levels.

You collected 14 gold pieces.

Inventory:

Hand Weapons
 a - a +0 long sword (weapon)
Missiles
 d - 3 throwing nets (quivered)
Armour
 b - a +0 leather armour
 c - a +0 helmet (worn)
 k - a +0 ring mail (worn)
Scrolls
 e - a scroll of remove curse {unknown}
 h - a scroll of immolation {unknown}
 i - a scroll of random uselessness {unknown}
Potions
 g - 2 potions of haste {unknown}
 j - a potion of invisibility {unknown}
Comestibles
 f - a ration
 l - 4 chunks of flesh


   Skills:
 + Level 2.1 Fighting
 * Level 2.9 Long Blades
 - Level 1.7 Throwing
 + Level 2.8 Dodging


You couldn't memorise any spells.
You didn't know any spells.
Your spell library was empty.

Dungeon Overview and Level Annotations

Branches:
Dungeon (1/15)

Altars:


Message History

The frilled lizard bites you but does no damage.
You closely miss the frilled lizard. The frilled lizard bites you.
The frilled lizard barely misses you. The frilled lizard bites you.
The frilled lizard misses you.
You riposte.
You slash the frilled lizard!
You kill the frilled lizard!
You closely miss the frilled lizard. The frilled lizard barely misses you.
You closely miss the frilled lizard. The hobgoblin closely misses you.
The frilled lizard bites you.
* * * LOW HITPOINT WARNING * * *
The hobgoblin misses you.
You barely miss the hobgoblin. The frilled lizard bites you.
* * * LOW HITPOINT WARNING * * *
The hobgoblin misses you.
You riposte.
You hit the hobgoblin.
The hobgoblin is severely wounded.
The frilled lizard bites you.
* * * LOW HITPOINT WARNING * * *
You hit the hobgoblin but do no damage.
The hobgoblin is severely wounded.
The hobgoblin hits you with a club.
You die...

#### ###≈≈# ###≈≈≈.####
#≈≈≈≈≈...P# ## ####
≈≈##≈#####.. ..# #..#### #
##. . .. #.....### ##.
...##.###.......## ##..
........@........## #..#
#.###.##gl........# #.#'
#.......).....####### .###
###............#....#
(.......#..............##..
#.#.#.#.#............##'###
.......#...........####.##
>#.#.#.#...........####.#
..................##.#.##


You could see a hobgoblin and a frilled lizard.

Vanquished Creatures
  2 kobolds (D:1)
  A ball python (D:1)
  A bat (D:1)
  A frilled lizard (D:1)
  3 rats (D:1)
8 creatures vanquished.

Notes
Turn   | Place    | Note
-------+----------+-------------------------------------------
     0 | D:1      | prawnwizard the Demonspawn Gladiator began the quest for the Orb.
     0 | D:1      | Reached XP level 1. HP: 16/16 MP: 1/1
   236 | D:1      | Slain by a hobgoblin

Vault maps used:
D:1:      dpeg_cavernosity, st_stairs_13

Action                   || total
-------------------------++-------
Melee: Long sword        ||    21
Armor: Ring mail         ||    10
Dodge: Dodged            ||    21
       Rpst.: Long sword ||     7

Table legend:
 A = Spawn XP
 B = Non-spawn XP
 C = Spawn XP percentage of total XP
 D = Spawn monster count
 E = Non-spawn monster count
 F = Spawn count percentage of total count
 G = Total turns spent on level
                    A         B        C        D         E        F      G
               +---------+---------+-------+---------+---------+-------+---------
         Total |       0 |       9 |   0.0 |       0 |       8 |   0.0 |   236
               +---------+---------+-------+---------+---------+-------+---------
           D:1 |       0 |       9 |   0.0 |       0 |       8 |   0.0 |   236
               +---------+---------+-------+---------+---------+-------+---------
